 Dungeon Crawl Stone Soup version 0.31.0-7-gf635a9b802 (webtiles) character file.

Game seed: 3943331273834187434

23 hikkokomori the Apothecary (level 3, -2/20 HPs)
             Began as a Gargoyle Alchemist on Jan 24, 2024.
             Slain by a goblin
             ... wielding a +2 dagger of protection
             ... led by Robin
              (5 damage)
             ... on level 2 of the Dungeon.
             The game lasted 00:02:10 (1263 turns).

hikkokomori the Apothecary (Gargoyle Alchemist)     Turns: 1263, Time: 00:02:11

Health: -2/20      AC:  7    Str: 11    XL:     3   Next: 0%
Magic:  2/6        EV: 11    Int: 17    God:
Gold:   116        SH:  0    Dex: 10    Spells: 3/6 levels left

rFire   . . .        q - +1 dagger (venom)
rCold   . . .        (no shield)
rNeg    + . .        e - +0 leather armour
rPois   ∞            (no helmet)
rElec   +            c - +0 cloak
rCorr   .            (no gloves)
SInv    .            (no boots)
Will    .....        (no amulet)
Stlth   ++           (no ring)
HPRegen 0.23/turn    (no ring)
MPRegen 0.10/turn

%: no passive effects
@: no status effects
A: sickness immunity, AC +3, negative energy resistance 1, electricity
resistance, torment resistance 1, petrification resistance
a: no special abilities


You were on level 2 of the Dungeon.
You visited 1 branch of the dungeon, and saw 2 of its levels.

You collected 116 gold pieces.

Inventory:

Hand Weapons
 d - a +0 short sword
 j - a +0 dagger of venom
 q - a +1 dagger of venom (weapon)
Armour
 a - a +0 robe
 c - a +0 cloak (worn)
 e - a +0 leather armour (worn)
 o - a +0 kite shield
Jewellery
 k - an amulet of guardian spirit
Scrolls
 h - a scroll of fog {unknown}
 i - a scroll of immolation {unknown}
 m - a scroll of vulnerability {unknown}
 n - a scroll of enchant armour {unknown}
 p - a scroll of identify {unknown}
Potions
 b - a potion of magic
 f - a potion of cancellation {unknown}
 g - a potion of heal wounds {unknown}
 l - a potion of might {unknown}


   Skills:
 + Level 0.8 Fighting
 - Level 1.6 Dodging
 + Level 2.6 Stealth
 + Level 2.2 Spellcasting
 + Level 1.6 Conjurations
 + Level 2.6 Alchemy


You had 3 spell levels left.
You knew the following spells:

 Your Spells              Type           Power      Damage    Failure   Level
a - Sting                 Conj/Alch      36%        1d5       11%         1
b - Mercury Vapours       Alch/Air       12%        N/A       22%         2

Your spell library contained the following spells:

 Spells                   Type           Power      Damage    Failure   Level
 Mephitic Cloud           Conj/Alch/Air  6%         N/A       38%         3
 Inner Flame              Hex/Fire       1%         N/A       58%         3
 Olgreb's Toxic Radiance  Alch           10%        N/A       63%         4
 Sticky Flame             Fire/Alch      6%         2d4       82%         4
 Irradiate                Conj/Alch      4%         3d13      96%         5
 Ignition                 Fire           0%         3d3       100%        8


Dungeon Overview and Level Annotations

Branches:
Dungeon (2/15)

Altars:

Shops:
D:2 :

Annotations:
D:2 Natasha


Innate Abilities, Weirdness & Mutations

You are immune to sickness and miasma.
Your stone body is resilient. (AC +3)
You are immune to poison.
You resist negative energy. (rN+)
You are resistant to electric shocks. (rElec)
You are resistant to unholy torment.
You are immune to petrification.


Message History

You kill the goblin!
You have reached level 3!
Your experience leads to an increase in your attributes!
Increase (S)trength, (I)ntelligence, or (D)exterity?
You feel clever. x2
Unknown command.
You closely miss Robin. Robin barely misses you.
You hit Robin but do no damage.
Robin is poisoned.
Robin roars a battlecry!
You closely miss Robin.
Robin is lightly wounded.
You hit Robin.
Robin is moderately wounded.
Robin throws the goblin at you! The goblin closely misses you.
Unknown command.
You hit Robin but do no damage.
Robin looks even sicker.
Robin is moderately wounded.
Robin hits you with a +0 falchion. The goblin hits you with a +0 dagger.
Unknown command.
You barely miss Robin.
Robin is moderately wounded.
Robin closely misses you. The goblin hits you but does no damage.
The goblin barely misses you.
Unknown command.
You hit Robin.
Robin looks as sick as possible!
Robin is severely wounded.
The goblin hits you but does no damage. Robin hits you but does no damage.
The goblin hits you with a +0 dagger.
Unknown command.
Robin throws the goblin at you! The goblin attacks as it pursues you!
The goblin hits you with a +0 dagger. The goblin hits you but does no damage.
Robin throws the goblin at you! The goblin misses you.
Robin throws the goblin at you!
The goblin hits you with a +2 dagger of protection.
* * * LOW HITPOINT WARNING * * *
The hobgoblin barely misses you. The goblin closely misses you.
You kill Robin!
The goblin hits you with a +2 dagger of protection.
You die...

. #. #.# # #.# ###########.#
#.# #........ ... #.#
#.####### .∩# #.# #.# #.# #
##.## #.# #.# .#
###...###.## ######.##.####.
....#......###..ggg.........
.##...#..#...>..@g.)........
####.###...#.######)########
....(†.......# #....gg.g
############## ########g


You could see a hobgoblin (strong) and 3 goblins.

Vanquished Creatures
  Robin (D:2)
  A ribbon worm (D:2)
  A ball python (D:2)
  A bat (D:1)
  2 endoplasms
  A giant cockroach (D:1)
  5 goblins
  A hobgoblin (D:2)
  2 kobolds (D:1)
  A quokka (D:1)
  A frilled lizard (D:1)
  2 rats
19 creatures vanquished.

Notes
Turn   | Place    | Note
-------+----------+-------------------------------------------
     0 | D:1      | hikkokomori the Gargoyle Alchemist began the quest for the
                  | Orb.
     0 | D:1      | Reached XP level 1. HP: 10/10 MP: 3/3
   667 | D:1      | Reached XP level 2. HP: 16/16 MP: 3/5
  1170 | D:2      | Noticed Natasha
  1176 | D:2      | Learned a level 2 spell: Mercury Vapours
  1242 | D:2      | Found Itsiokupt's Book Boutique.
  1248 | D:2      | Noticed Robin
  1253 | D:2      | Reached XP level 3. HP: 20/20 MP: 0/6
  1263 | D:2      | Killed Robin
  1263 | D:2      | Slain by a goblin

Illustrated notes

Levels and vault maps discovered:
D:1:      dpeg_arrival_boxorama, layout_basic
D:2:      layout_loops_ring, serial_shops, shop, uniq_robin, uniq_sigmund,
          uniq_natasha, uniq_jessica

Action                     || total
---------------------------++-------
  Melee: Unarmed           ||     2
         Dagger            ||    26
         Short sword       ||     1
   Cast: Sting             ||    26
   Stab: Sleeping          ||     1
 Armour: Leather armour    ||    23
         Robe              ||     1
  Dodge: Dodged            ||    18
